AoeStats
← CDS95

Arena

507588596Analyzed
1v1 RM · 12d ago on Sep 18, 2026· 73m 34s· 2 players
Game mode
Random Map
Map size
Tiny (2 player)
Population
200
Speed
Normal
Resources
Standard
Victory
Conquest
Starting age
Dark Age
Ending age
Imperial Age
RankedLock teamsTeams togetherTeam positionsShared explorationLock speedFull tech treeHidden civsTurbo modeCheats
Victory
Defeat
🇪🇸 Vietnamese · Spain
996
+15
🇦🇹 Italians · Austria
974
-15
risadevenganza
8:51 Loom
10:36 Feudal Age
14:52 Castle Age
13:05 Double-Bit Axe
14:00 Horse Collar
14:20 Stone Mining
15:57 Bow Saw
17:18 Treadmill Crane
18:27 Heavy Plow
18:21 Gold Mining
22:23 Town Watch
23:27 Wheelbarrow
28:46 Stone Shaft Mining
29:30 Masonry
34:24 Imperial Age
33:01 Fortified Wall
33:07 Forging
35:21 Iron Casting
34:54 Scale Barding Armor
35:28 Conscription
36:11 Chemistry
36:43 Two-Man Saw
35:40 Light Cavalry
36:30 Bloodlines
36:41 Town Patrol
37:32 Guilds
38:29 Hoardings
40:29 Blast Furnace
39:49 Chain Barding Armor
39:18 Cavalier
40:44 Chain Barding Armor
42:16 Husbandry
42:24 Padded Archer Armor
42:47 Hand Cart
43:16 Architecture
44:32 Plate Barding Armor
43:22 Elite Skirmisher
44:08 Thumb Ring
45:11 Fletching
46:00 Leather Archer Armor
46:18 Bodkin Arrow
46:40 Leather Archer Armor
47:15 Hussar
52:05 Ring Archer Armor
52:18 Bracer
58:44 Ballistics
CDS95
10:47 Feudal Age
15:09 Castle Age
12:57 Double-Bit Axe
14:52 Horse Collar
15:14 Gold Mining
16:27 Bow Saw
29:23 Imperial Age
28:16 Wheelbarrow
27:26 Loom
28:12 Fletching
28:27 Padded Archer Armor
28:17 Elite Skirmisher
30:14 Thumb Ring
29:37 Imperial Skirmisher
30:31 Crossbowman
32:57 Arbalester
34:31 Hand Cart
34:35 Bodkin Arrow
34:47 Town Watch
36:10 Ballistics
36:51 Chemistry
36:15 Leather Archer Armor
38:13 Bracer
38:44 Ring Archer Armor
38:25 Forging
38:16 Scale Mail Armor
39:06 Paper Money
39:05 Capped Ram
40:16 Pikeman
40:57 Squires
47:32 Halberdier
57:12 Chain Mail Armor
57:33 Iron Casting
61:33 Elite Fire Lancer
65:33 Siege Engineers
Connection lost

Rejoining the realm…

Still unreachable

The connection could not be restored.

Session expired

The server has moved on; the page needs a fresh start.